 Dungeon Crawl Stone Soup version 0.27.1-2-g3b301248ec (webtiles) character file.

Game seed: 735862016594980550

241 Descartes the Ducker (level 5, -2/24 HPs)
             Began as a Spriggan Wanderer on Oct 1, 2021.
             Slain by an ogre (26 damage)
             ... on level 4 of the Dungeon.
             The game lasted 00:09:17 (5440 turns).

Descartes the Ducker (Spriggan Wanderer)            Turns: 5440, Time: 00:09:17

Health: -2/24      AC:  3    Str: 10    XL:     5   Next: 80%
Magic:  0/8        EV: 18    Int: 15    God:
Gold:   111        SH:  0    Dex: 12    Spells: 0/7 levels left

rFire    . . .     SeeInvis +   s - +0 rapier
rCold    . . .     Faith    .   (shield restricted)
rNeg     . . .     Spirit   .   c - +0 robe
rPois    .         Reflect  .   (helmet restricted)
rElec    .         Harm     .   w - +0 cloak
rCorr    .         Rampage  .   (gloves unavailable)
Will     +....                  (boots unavailable)
Stlth    ++........             (no amulet)
HPRegen  0.08/turn              p - ring of willpower
MPRegen  0.11/turn              (no ring)

@: very quick
A: very small, no large weapons, unfitting armour, see invisible, speed 3
a: no special abilities


You were on level 4 of the Dungeon.
You visited 1 branch of the dungeon, and saw 4 of its levels.

You collected 111 gold pieces.

Inventory:

Hand Weapons
 s - a +0 rapier (weapon)
 v - a +4 quarterstaff of chaos
Missiles
 a - 24 arrows
 g - 116 stones
 h - 23 sling bullets
 u - 4 boomerangs
Armour
 c - a +0 robe (worn)
 w - a +0 cloak (worn)
Jewellery
 p - a ring of willpower (left hand)
Scrolls
 e - a scroll of summoning {unknown}
 j - a scroll of magic mapping {unknown}
 m - 3 scrolls of identify {unknown}
 n - a scroll of enchant armour {unknown}
 o - a scroll of teleportation {unknown}
 r - a scroll of noise {unknown}
 x - a scroll of fear {unknown}
Potions
 b - a potion of lignification
 d - a potion of curing
 f - a potion of heal wounds {unknown}
 i - a potion of magic {unknown}
 k - a potion of degeneration {unknown}
 l - a potion of cancellation {unknown}
 q - 2 potions of might {unknown}
 t - a potion of mutation {unknown}


   Skills:
 + Level 4.0 Short Blades
 + Level 4.2 Dodging
 + Level 4.1 Stealth
 + Level 1.7 Spellcasting
 + Level 0.9 Conjurations
 - Level 4.0 Transmutations
 + Level 1.1 Fire Magic
 + Level 0.7 Air Magic
 + Level 1.9 Earth Magic
 - Level 1.3 Evocations


You couldn't memorise any spells.
You knew the following spells:

 Your Spells              Type           Power      Damage    Failure   Level
a - Sandblast             Erth           14%        2d6       11%         1
b - Foxfire               Conj/Fire      16%        2x1d4     16%         1
c - Shock                 Conj/Air       12%        1d3       16%         1
d - Petrify               Tmut/Erth      10%        N/A       54%         4

Your spell library contained the following spells:

 Spells                   Type           Power      Damage    Failure   Level
 Passwall                 Tmut/Erth      8%         N/A       10%         2
 Corona                   Hex            1%         N/A       22%         1
 Stone Arrow              Conj/Erth      10%        3d7       36%         3


Dungeon Overview and Level Annotations

Branches:
Dungeon (4/15)
 Temple: D:4-7

Altars:


Innate Abilities, Weirdness & Mutations

You are very small and have problems with some larger weapons.
You are too small for most types of armour.
You have supernaturally acute eyesight. (SInv)
You cover ground extremely quickly. (Speed+++)


Message History

The foxfire hits the ogre.
The ogre is heavily wounded.
Casting: Foxfire (safe; 16% risk of failure)
Confirm with . or Enter, or press ? or * to list all spells.
Aiming: Sandblast (safe; 11% risk of failure)
Press: ? - help, Shift-Dir - straight line, f - ogre
Aim: an ogre, wielding a +0 giant spiked club (heavily wounded, 89% to hit)
The blast of sand hits the ogre.
The ogre is heavily wounded.
Casting: Sandblast (safe; 11% risk of failure)
Confirm with . or Enter, or press ? or * to list all spells.
You don't have enough magic to cast this spell.
Unknown command.
Unknown command.
Your magical contamination has completely faded away.
An ogre is nearby!
Casting: Sandblast (safe; 11% risk of failure)
Confirm with . or Enter, or press ? or * to list all spells.
You conjure some foxfire!
Casting: Foxfire (safe; 16% risk of failure)
Confirm with . or Enter, or press ? or * to list all spells.
You don't have enough magic to cast this spell.
Casting: Foxfire (safe; 16% risk of failure)
Confirm with . or Enter, or press ? or * to list all spells.
You don't have enough magic to cast this spell.
Unknown command.
The foxfire hits the ogre.
The ogre is severely wounded.
The foxfire hits the ogre.
The ogre is severely wounded.
Casting: Foxfire (safe; 16% risk of failure)
Confirm with . or Enter, or press ? or * to list all spells.
You conjure some foxfire!
The foxfire hits the ogre.
The ogre is almost dead.
The foxfire hits the ogre.
The ogre is almost dead.
The ogre hits you with a +0 giant spiked club!!
Ouch! That really hurt!
You die...

##.#............. #.
#..##........... ...
##............#.#
#..#####.......).....#.#
#...#.....##..........###
#..........#..#.........#
#.........#.##.§.......#
##..........##§.......##
##.#^........##§@####...#
...#..........#.O.##...##
...........#...........##
................#..###..##
..........##.....####....#
.................####....###
.....###..........#........#
<.##..##....##..##.....#..##
.....####....##.....#######


You could see an ogre.

Vanquished Creatures
  Crazy Yiuf (D:3)
  A centaur skeleton (D:3)
  2 orc wizards (D:3)
  4 gnolls (D:3)
  An adder (D:4)
  A worm (D:3)
  A dart slug (D:1)
  12 orcs
  5 endoplasms
  9 goblins
  4 hobgoblins
  4 jackals (D:3)
  4 quokkas
  6 ball pythons
  4 bats
  4 frilled lizards
  3 kobolds
  5 rats
71 creatures vanquished.

Vanquished Creatures (others)
  139 foxfires
139 creatures vanquished.

Grand Total: 210 creatures vanquished

Notes
Turn   | Place    | Note
-------+----------+-------------------------------------------
     0 | D:1      | Descartes the Spriggan Wanderer began the quest for the
                  | Orb.
     0 | D:1      | Descartes set off with the following items: a +0 dagger, a
                  | potion of lignification, a +0 robe, a potion of curing; and
                  | the following spell memorised: Sandblast; and the following
                  | spells available to memorise: Passwall, Stone Arrow,
                  | Petrify
     0 | D:1      | Reached XP level 1. HP: 9/9 MP: 2/2
   401 | D:1      | Reached XP level 2. HP: 7/13 MP: 3/3
   943 | D:1      | Reached skill level 1 in Earth Magic
  1366 | D:1      | Reached XP level 3. HP: 5/16 MP: 2/4
  1980 | D:2      | Got A Beginning Course on Witchcraft
  1983 | D:2      | Learned a level 1 spell: Foxfire
  2284 | D:2      | Found a faded altar of an unknown god.
  3261 | D:3      | Reached XP level 4. HP: 17/21 MP: 1/6
  3267 | D:3      | Reached skill level 1 in Spellcasting
  3917 | D:3      | Learned a level 1 spell: Shock
  3928 | D:3      | Reached XP level 5. HP: 11/24 MP: 1/7
  4470 | D:3      | Reached skill level 1 in Fire Magic
  4691 | D:3      | Found a runed translucent door.
  4692 | D:3      | Noticed Crazy Yiuf
  4964 | D:3      | Learned a level 4 spell: Petrify
  5087 | D:3      | Killed Crazy Yiuf
  5400 | D:4      | Noticed an ogre
  5440 | D:4      | Slain by an ogre

Illustrated notes

Levels and vault maps discovered:
D:1:      lightli_arrival_maybe_door_vault, layout_rooms, st_stairs_4,
          minivault_27
D:2:      layout_rooms, shapermc_ecumenical_altar_petra
D:3:      layout_basic, uniq_crazy_yiuf_cottage
D:4:      layout_cave_pools

Skill      XL: |  1  2  3  4  5 |
---------------+----------------+-----
Stealth        | 2 3 4 |  4.1
Dodging        | 3 4 |  4.2
Earth Magic    | 1 |  1.9
Spellcasting   | 1 |  1.7
Fire Magic     | 1 |  1.1
Short Blades   | 4 |  4.0
Conjurations   | |  0.9
Transmutations | |  4.0
Air Magic      | |  0.7
Evocations     | |  1.3

Action                   |  1- 3 |  4- 6 || total
-------------------------+-------+-------++-------
Melee: Dagger            |   159 |       ||   159
       Rapier            |    15 |    21 ||    36
 Cast: Sandblast         |     7 |    13 ||    20
       Foxfire           |    19 |    62 ||    81
 Stab: Sleeping          |     5 |       ||     5
Armor: Robe              |    20 |     1 ||    21
Dodge: Dodged            |   153 |    29 ||   182
